 Dungeon Crawl Stone Soup version 0.27-a0-951-gae3e1deef5 (webtiles) character file.

Game seed: 5091331295032233333

5 polve the Skirmisher (level 1, -9/18 HPs)
             Began as a Demonspawn Abyssal Knight on Apr 11, 2021.
             Was a Follower of Lugonu.
             Mangled by a small abomination (14 damage)
             ... on level 1 of the Abyss.
             The game lasted 00:00:11 (65 turns).

polve the Skirmisher (Demonspawn Abyssal Knight)      Turns: 65, Time: 00:00:12

Health: -9/18      AC:  3    Str: 12    XL:     1   Next: 66%
Magic:  2/2        EV: 11    Int: 13    God:    Lugonu [*.....]
Gold:   0          SH:  0    Dex: 12    Spells: 0/0 levels left

rFire    . . .     SeeInvis .   a - +1 short sword
rCold    . . .     Faith    .   (no shield)
rNeg     . . .     Spirit   .   b - +0 leather armour
rPois    .         Reflect  .   (no helmet)
rElec    .         Harm     .   (no cloak)
rCorr    .         Rampage  .   (no gloves)
Will     .....                  (no boots)
Stlth    +.........             (no amulet)
HPRegen  0.06/turn              (no ring)
MPRegen  0.08/turn              (no ring)

@: no status effects
A: no striking features
a: Renounce Religion, Depart the Abyss


You were on level 1 of the Abyss.
You worshipped Lugonu.
Lugonu was aware of your devotion.
You visited 0 branches of the dungeon, and saw 0 of its levels.
You visited the Abyss 1 time.

Inventory:

Hand Weapons
 a - a +1 short sword (weapon)
Armour
 b - a +0 leather armour (worn)


   Skills:
 - Level 3.0 Fighting
 + Level 2.2 Short Blades
 - Level 1.7 Armour
 - Level 0.8 Dodging
 - Level 2.4 Invocations


You couldn't memorise any spells.
You didn't know any spells.
Your spell library was empty.

Dungeon Overview and Level Annotations

Branches:
Dungeon (0/15)

Altars:


Message History

Welcome, polve the Demonspawn Abyssal Knight.
Will you be the one to retrieve the awesome Orb of Zot from the depths?
Lugonu says: Depart the Abyss and spread corruption, my servant! (use the ability menu to exit the Abyss) Press ? for a list of commands and other information.
Found a corrupted altar of Lugonu.
Found a ring mail.
A small abomination bursts from nowhere.
You see here a viscous pink potion.
It was a potion of magic.
Magic courses through your body.
An ufetubus comes into view.
The ufetubus shouts!
The ufetubus closely misses you. The ufetubus hits you.
You hit the ufetubus.
The ufetubus is moderately wounded.
The ufetubus hits you. The ufetubus barely misses you.
The small abomination completely misses you.
You miss the ufetubus.
The ufetubus is moderately wounded.
The ufetubus hits you. x2
The small abomination barely misses you.
The ufetubus hits you.
* * * LOW HITPOINT WARNING * * *
The ufetubus closely misses you.
You hit the ufetubus.
You kill the ufetubus!
The small abomination barely misses you.
Your Short Blades skill increases to level 2!
The small abomination hits you!
Ouch! That really hurt!
You die...

.#≈≈ ≈≈≈ ≈≈≈≈≈#.#
...≈#.≈≈≈≈≈♣§≈≈§≈≈♣#
...# ..♣♣≈≈≈≈≈≈≈#≈###.
.#.# .≈.≈≈≈≈≈≈≈≈≈≈≈..
#...#.##..≈..≈≈≈≈≈≈≈≈.
. .#.##.....≈.≈≈≈≈≈≈≈≈
.# ..###..≈..#≈≈≈≈≈≈≈
#..###......#x.≈≈≈♣≈≈≈
#♣... ........@.......
#♣♣♣♣♣♣♣♣♣♣#♣♣♣♣♣♣♣♣♣♣
# #


You could see a small abomination.

Vanquished Creatures
  An ufetubus (Abyss:1)
1 creature vanquished.

Notes
Turn   | Place    | Note
-------+----------+-------------------------------------------
     0 | Abyss:1  | polve the Demonspawn Abyssal Knight began the quest for the
                  | Orb.
     0 | Abyss:1  | Reached XP level 1. HP: 18/18 MP: 2/2
    56 | Abyss:1  | Noticed a small abomination
    65 | Abyss:1  | Mangled by a small abomination

Illustrated notes

Levels and vault maps discovered:
Abyss:1:  base: Temple, base:
Temple

Skill      XL: |  1 |
---------------+----+-----
Short Blades   | 2 |  2.2
Fighting       | |  3.0
Armour         | |  1.7
Dodging        | |  0.8
Invocations    | |  2.4

Action                   || total
-------------------------++-------
Melee: Short sword       ||     3
  Use: Potion            ||     1
Dodge: Dodged            ||     6

Table legend: (Time is in decaauts)
 A = Elapsed time spent in this place.
 B = Non-inter-level travel time spent in this place.
 C = Inter-level travel time spent in this place.
 D = Time resting spent in this place.
 E = Time spent auto-exploring this place.
 F = Levels seen in this place.
 G = Mean time per level.
                   A        B        C        D        E       F      G
               +--------+--------+--------+--------+--------+-----+--------+
         Total |     65 |     65 |      0 |      0 |     56 |   1 |   65.0 |
         Abyss |     65 |     65 |      0 |      0 |     56 |   1 |   65.0 |
               +--------+--------+--------+--------+--------+-----+--------+

Top non-repeatable levels by time:
 Abyss:1: 65 daAuts
